 Dungeon Crawl Stone Soup version 0.29.1-14-g9c671dbff4 (webtiles) character file.

Game seed: 4569316419825288296

35 Descartes the Chucker (level 3, 0/20 HPs)
             Began as a Deep Elf Wanderer on Feb 18, 2023.
             Slain by an adder (3 damage)
             ... on level 2 of the Dungeon.
             The game lasted 00:02:36 (870 turns).

Descartes the Chucker (Deep Elf Wanderer)            Turns: 870, Time: 00:02:37

Health: 0/20       AC:  3    Str:  5    XL:     3   Next: 17%
Magic:  6/8        EV: 11    Int: 19    God:
Gold:   56         SH:  0    Dex: 17    Spells: 5/6 levels left

rFire   . . .      SeeInvis .   a - +2 dagger
rCold   . . .      Faith    .   (no shield)
rNeg    . . .      Spirit   .   e - +0 robe
rPois   .          Reflect  .   c - +0 helmet
rElec   .          Harm     .   (no cloak)
rCorr   .          Rampage  .   (no gloves)
Will    .....                   (no boots)
Stlth   ++........              (no amulet)
HPRegen 0.06/turn               (no ring)
MPRegen 0.11/turn               (no ring)

@: lethally poisoned (0 -> -3)
A: no striking features
a: no special abilities


You were on level 2 of the Dungeon.
You visited 1 branch of the dungeon, and saw 2 of its levels.

You collected 56 gold pieces.

Inventory:

Hand Weapons
 a - a +2 dagger (weapon)
Missiles
 b - 3 curare-tipped darts (quivered)
 h - 2 poisoned darts
Armour
 c - a +0 helmet (worn)
 e - a +0 robe (worn)
Scrolls
 d - a scroll of summoning
 i - a scroll of teleportation {unknown}
 j - a scroll of fear {unknown}
 m - a scroll of identify {unknown}
Potions
 f - a potion of cancellation {unknown}
 g - a potion of magic {unknown}
 k - a potion of might {unknown}
 l - a potion of heal wounds {unknown}
 n - 2 potions of curing {unknown}


   Skills:
 - Level 1.0 Fighting
 - Level 3.0 Throwing
 - Level 1.0 Armour
 - Level 2.4 Stealth
 + Level 2.3 Spellcasting
 + Level 2.6 Transmutations
 + Level 1.2 Fire Magic
 + Level 1.2 Poison Magic
 + Level 1.1 Evocations


You had 5 spell levels left.
You knew the following spells:

 Your Spells              Type           Power      Damage    Failure   Level
a - Sting                 Tmut/Pois      36%        1d4       8%          1

Your spell library contained the following spells:

 Spells                   Type           Power      Damage    Failure   Level
 Ignite Poison            Fire/Tmut/Pois 8%         N/A       24%         3


Dungeon Overview and Level Annotations

Branches:
Dungeon (2/15)

Altars:


Message History

Found a short sword.
Found a stone staircase leading down.
There is a stone staircase leading up here.
You see here a +0 short sword.
An adder comes into view.
The adder hisses angrily.
Found a scale mail and 3 gold pieces.
The adder bites you.
You are poisoned.
The adder poisons you!
Unknown command.
Casting: Sting (safe; 8% risk of failure)
Confirm with . or Enter, or press ? or * to list all spells.
Aiming: Sting (safe; 8% risk of failure)
Press: ? - help, Shift-Dir - straight line, f - adder
Aim: an adder (48% to hit)
The sting misses the adder.
You feel sick. The adder bites you but does no damage.
Unknown command.
Unknown command.
You feel sick.
Casting: Sting (safe; 8% risk of failure)
Confirm with . or Enter, or press ? or * to list all spells.
You don't know that spell.
Casting: Sting (safe; 8% risk of failure)
Confirm with . or Enter, or press ? or * to list all spells.
Aiming: Sting (safe; 8% risk of failure)
Press: ? - help, Shift-Dir - straight line, f/p - adder
Aim: an adder (48% to hit)
The sting hits the adder.
The adder is poisoned.
The adder is lightly wounded.
You feel sick. The adder bites you. x2
You are more poisoned.
The adder poisons you! The adder attacks as you move away! The adder bites you.
* * * LOW HITPOINT WARNING * * *
x2 You feel sick.
You closely miss the adder.
The adder is lightly wounded.
* * * LOW HITPOINT WARNING * * *
You feel sick. The adder bites you.
You die...

#....# #....#
#....#####
#....#...#
#....#...#
######....#...#
.......<..>...+
######........#
#.....@..#######
##+##).S........
####..#####
#.......#
#.......#
#.[.....#
#.......#
#........#
#.........#


You could see an adder (poisoned).

Vanquished Creatures
  5 ball pythons (D:1)
  2 endoplasms (D:1)
  2 giant cockroaches (D:1)
  2 goblins (D:1)
  3 hobgoblins (D:1)
  6 kobolds (D:1)
  7 bats (D:1)
  3 rats (D:1)
30 creatures vanquished.

Notes
Turn   | Place    | Note
-------+----------+-------------------------------------------
     0 | D:1      | Descartes the Deep Elf Wanderer began the quest for the
                  | Orb.
     0 | D:1      | Descartes set off with the following items: a +2 dagger, 3
                  | curare-tipped darts, a +0 helmet, a scroll of summoning, a
                  | +0 robe; and the following spell memorised: Sting; and the
                  | following spells available to memorise: Ignite Poison.
     0 | D:1      | Reached XP level 1. HP: 12/12 MP: 5/5
   129 | D:1      | Reached XP level 2. HP: 14/16 MP: 0/6
   350 | D:1      | Reached skill level 1 in Fire Magic
   403 | D:1      | Reached skill level 1 in Poison Magic
   403 | D:1      | Reached skill level 1 in Evocations
   457 | D:1      | Reached XP level 3. HP: 20/20 MP: 1/8
   870 | D:2      | Slain by an adder

Illustrated notes

Levels and vault maps discovered:
D:1:      roderic_dead_forest, layout_basic
D:2:      layout_basic, ebering_ecumenical_altar_mist

Skill      XL: |  1  2 |
---------------+-------+-----
Spellcasting   | 2 |  2.3
Fire Magic     | 1 |  1.2
Poison Magic   | 1 |  1.2
Evocations     | 1 |  1.1
Fighting       | |  1.0
Throwing       | |  3.0
Armour         | |  1.0
Stealth        | |  2.4
Transmutations | |  2.6

Action                   || total
-------------------------++-------
Melee: Dagger            ||     5
 Cast: Sting             ||    38
Armor: Robe              ||     8
Dodge: Dodged            ||    11
